 Dungeon Crawl Stone Soup version 0.24-a0-509-ga1643a6788 (webtiles) character file.

Game seed: 8582913436471677321

214 KristoblXynda the Chopper (level 5, 0/41 HPs)
             Began as a Draconian Skald on July 19, 2019.
             Was an Initiate of Ashenzari.
             Slain by Natasha (8 damage)
             ... on level 3 of the Dungeon.
             The game lasted 00:03:01 (3245 turns).

KristoblXynda the Chopper (Draconian Skald)         Turns: 3245, Time: 00:03:02

Health: 0/41       AC:  8    Str: 14    XL:     5   Next: 59%
Magic:  8/8        EV: 13    Int: 14    God:    Ashenzari [......]
Gold:   149        SH:  0    Dex: 10    Spells: 7/8 levels left

rFire    . . .     SeeInvis .   a - +0 hand axe
rCold    . . .     Gourm    .   (no shield)
rNeg     . . .     Faith    .   (armour unavailable)
rPois    .         Spirit   .   (helmet restricted)
rElec    .         Reflect  .   (no cloak)
rCorr    .         Harm     .   (no gloves)
MR       .....                  (no boots)
Stlth    +.........             (no amulet)
HPRegen  0.13/turn              d - +3 ring of protection
MPRegen  0.11/turn              (no ring)

@: no status effects
A: unfitting armour, cold-blooded, AC +5
a: Curse Item, Renounce Religion


You were on level 3 of the Dungeon.
You worshipped Ashenzari.
Ashenzari was noncommittal.
You were hungry.

You visited 1 branch of the dungeon, and saw 3 of its levels.

You collected 149 gold pieces.

Inventory:

Hand Weapons
 a - a +0 hand axe (weapon)
Jewellery
 d - a +3 ring of protection (left hand)
Scrolls
 f - a scroll of blinking {unknown}
 g - a scroll of immolation {unknown}
 h - a scroll of teleportation
 i - a scroll of amnesia
 k - a scroll of noise {unknown}
 l - a scroll of random uselessness {unknown}
 m - a scroll of enchant weapon {unknown}
 q - 2 scrolls of remove curse
Potions
 b - 2 potions of agility
 e - a potion of haste
 j - a potion of heal wounds
 n - a potion of brilliance {unknown}
 p - a potion of might {unknown}
Comestibles
 c - 8 rations
 o - 2 chunks of flesh


   Skills:
 - Level 2.1 Fighting
 * Level 4.4 Axes
 + Level 3.2 Dodging
 - Level 2.0 Spellcasting
 + Level 3.6 Charms


You had 7 spell levels left.
You knew the following spells:

 Your Spells              Type           Power        Failure   Level  Hunger
a - Infusion              Chrm           ##..         5%          1    ##.....

Your spell library contained the following spells:

 Spells                   Type           Power        Failure   Level  Hunger
 Song of Slaying          Chrm           ##......     8%          2    ###....
 Shroud of Golubria       Chrm/Tloc      #.....       17%         2    ###....
 Regeneration             Chrm/Necr      #.........   32%         3    ####...
 Spectral Weapon          Hex/Chrm       #.......     32%         3    ####...


Dungeon Overview and Level Annotations

Branches:
Dungeon (3/15)

Altars:
Ashenzari

Annotations:
D:3 Natasha


Innate Abilities, Weirdness & Mutations

Your plain brown scales are hard. (AC +5)
You cannot fit into any form of body armour.
You are cold-blooded and may be slowed by cold attacks.


Message History

You barely miss Natasha.
Natasha is almost dead.
You closely miss the white imp.
The white imp hits you but does no damage.
Natasha mumbles some strange words.
You feel troubled. Natasha closely misses you.
You barely miss Natasha.
Your tail-slap misses Natasha.
Natasha is almost dead.
You completely miss the white imp. The white imp misses you.
Natasha closely misses you.
Unknown command.
You completely miss Natasha.
You tail-slap Natasha, but do no damage.
Natasha is severely wounded.
You hit the white imp.
You are feeling hungry.
The white imp hits you but does no damage.
Natasha claws you!
You die...

###########
..........
###...#...#.
#....h......
#.#.@5#...#
#...........
#.##########
#######..<.######..
...................
...
#######.##.######..
.... #..##.# ....
#.###.# .... #.#
#.#


You could see Natasha and a white imp.

Vanquished Creatures
  Sigmund (D:2)
  2 adders (D:3)
  2 dart slugs
  2 leopard geckos
  3 bats
  A giant cockroach (D:2)
  7 goblins
  4 hobgoblins
  6 jackals (D:1)
  A quokka (D:2)
  A ball python (D:1)
  3 frilled lizards (D:2)
  3 kobolds
  5 rats
41 creatures vanquished.

Notes
Turn   | Place    | Note
-------+----------+-------------------------------------------
     0 | D:1      | KristoblXynda the Draconian Skald began the quest for the
                  | Orb.
     0 | D:1      | Reached XP level 1. HP: 17/17 MP: 3/3
   331 | D:1      | Reached XP level 2. HP: 12/24 MP: 5/5
  1869 | D:2      | Reached XP level 3. HP: 29/29 MP: 6/6
  1998 | D:2      | Found a shattered altar of Ashenzari.
  2009 | D:2      | Became a worshipper of Ashenzari the Shackled
  2158 | D:2      | Reached skill level 3 in Axes
  2359 | D:2      | Noticed Sigmund
  2737 | D:2      | Killed Sigmund
  2737 | D:2      | Reached skill level 4 in Axes
  2737 | D:2      | Reached XP level 4. HP: 36/36 MP: 7/7
  2737 | D:2      | Reached XP level 5. HP: 41/41 MP: 8/8
  3232 | D:3      | Noticed Natasha
  3245 | D:3      | Slain by Natasha

Levels and vault maps discovered:
D:1:      eino_arrival_cavern_d, layout_loops_corners
D:2:      layout_loops_corners, evilmike_ruin_ashenzari, first_ration,
          uniq_sigmund
D:3:      layout_rooms, old_standard_altar, lemuel_coloured_pillars_altar,
          uniq_natasha

Skill      XL: |  1  2  3 |
---------------+----------+-----
Charms         | 3 |  3.6
Axes           | 4 |  4.4
Dodging        | 3 |  3.2
Fighting       | |  2.1
Spellcasting   | |  2.0

Action                   |  1- 3 |  4- 6 || total
-------------------------+-------+-------++-------
Melee: Hand axe          |   169 |    27 ||   196
       Tailslap          |    11 |     2 ||    13
  Use: Scroll            |     4 |     2 ||     6
       Potion            |     1 |       ||     1
  Eat: Chunk             |     5 |     2 ||     7
Armor: Skin              |    65 |    15 ||    80
Dodge: Dodged            |   100 |    22 ||   122

Table legend:
 A = Non-vault XP
 B = Vault XP
 C = Vault XP percentage of total XP
 D = Non-vault monster count
 E = Vault monster count
 F = Vault count percentage of total count
                 A         B        C        D         E       F
            +---------+---------+-------+---------+---------+-------
      Total |      94 |     212 |  69.3 |      40 |       1 |   2.4
            +---------+---------+-------+---------+---------+-------
        D:1 |      39 |       0 |   0.0 |      20 |       0 |   0.0
        D:2 |      24 |     212 |  89.8 |      16 |       1 |   5.9
        D:3 |      31 |       0 |   0.0 |       4 |       0 |   0.0
            +---------+---------+-------+---------+---------+-------
